 Dungeon Crawl Stone Soup version 0.31-a0-232-gb1c03b2570 (webtiles) character file.

Game seed: 159908619708681595

81 qw the Shooter (level 4, 0/26 HPs)
             Began as a Gargoyle Hexslinger on July 7, 2023.
             Slain by a bat (1 damage)
             ... on level 3 of the Dungeon.
             The game lasted 00:00:41 (1706 turns).

qw the Shooter (Gargoyle Hexslinger)                Turns: 1706, Time: 00:00:42

Health: 0/26       AC:  6    Str: 11    XL:     4   Next: 40%
Magic:  5/5        EV: 11    Int: 14    God:
Gold:   66         SH:  0    Dex: 14    Spells: 4/5 levels left

rFire   . . .        Y - +2 sling
rCold   . . .        (no shield)
rNeg    + . .        e - +0 leather armour
rPois   inf          (no helmet)
rElec   +            (no cloak)
rCorr   .            (no gloves)
SInv    .            (no boots)
Will    .....        (no amulet)
Stlth   +            (no ring)
HPRegen 0.24/turn    (no ring)
MPRegen 0.09/turn

%: no passive effects
@: no status effects
A: sickness immunity, AC +3, negative energy resistance 1, electricity
resistance, torment resistance 1, petrification resistance
a: no special abilities


You were on level 3 of the Dungeon.
You visited 1 branch of the dungeon, and saw 3 of its levels.

You collected 66 gold pieces.


Innate Abilities, Weirdness & Mutations

You are immune to sickness and miasma.
Your stone body is resilient. (AC +3)
You are immune to poison.
You resist negative energy. (rN+)
You are resistant to electric shocks. (rElec)
You are resistant to unholy torment.
You are immune to petrification.


   Skills:
 - Level 2.0 Fighting
 + Level 4.2 Ranged Weapons
 - Level 1.5 Dodging
 - Level 1.0 Spellcasting
 - Level 2.6 Hexes


You had 4 spell levels left.
You knew the following spells:

 Your Spells              Type           Power      Damage    Failure   Level
a - Slow                  Hex            32%        N/A       12%         1

Your spell library contained the following spells:

 Spells                   Type           Power      Damage    Failure   Level
 Inner Flame              Hex/Fire       4%         N/A       52%         3
 Portal Projectile        Hex/Tloc       8%         N/A       52%         3
 Cause Fear               Hex            4%         N/A       75%         4

Inventory:

Hand Weapons
 Y - a +2 sling (weapon)
Armour
 e - a +0 leather armour (worn)
Potions
 d - a potion of berserk rage {unknown}
 f - a potion of haste {unknown}
 g - a potion of resistance {unknown}

Dungeon Overview and Level Annotations

Branches:
Dungeon (3/15)

Altars:

Annotations:
D:3 Ijyb, Natasha


Message History

Ijyb is unaffected.
The grasping roots constrict you.
You shoot a sling bullet.
The sling bullet hits Ijyb but does no damage.
Ijyb is severely wounded.
Ijyb hits you but does no damage. The grasping roots constrict you.
You shoot a sling bullet.
The sling bullet hits Ijyb but does no damage.
Ijyb is severely wounded.
Ijyb screams, "I no like you!" Ijyb hits you but does no damage.
The grasping roots constrict you. Ijyb hits you but does no damage.
The grasping roots constrict you.
The grasping roots release their grip on you.
1700 ||| READING scroll of teleportation.
As you read the scroll of teleportation, it crumbles to dust.
You feel strangely unstable. Ijyb barely misses you.
You shoot a sling bullet.
The sling bullet hits Ijyb but does no damage.
Ijyb is severely wounded.
Ijyb hits you but does no damage.
You shoot a sling bullet. The sling bullet closely misses Ijyb.
Ijyb closely misses you.
You shoot a sling bullet. The sling bullet closely misses Ijyb.
Ijyb hits you but does no damage.
You shoot a sling bullet. The sling bullet hits Ijyb.
Ijyb is almost dead.
Your surroundings suddenly seem different.
Natasha, a bat and a rat come into view.
Natasha hisses angrily.
Natasha barely misses you.
Enter note: You shoot a sling bullet.
The sling bullet closely misses Natasha.
The sling bullet barely misses the rat.
The bat hits you. Natasha claws you.
You shoot a sling bullet. The sling bullet barely misses Natasha.
The sling bullet hits the rat.
You kill the rat!
The bat hits you.
You die...

. ..7
#. ..
#.###..
.....#
....#
...#
#b.#
#@.#
#h...#
...#..#
##.##
....
#.# #.#
#.. #
##. .


You could see Natasha and a bat.

Vanquished Creatures
  3 adders
  A worm (D:2)
  A dart slug (D:1)
  4 bats
  8 endoplasms
  2 giant cockroaches (D:1)
  A goblin (D:1)
  6 hobgoblins
  2 jackals
  2 kobolds (D:1)
  3 quokkas
  6 ball pythons
  A frilled lizard (D:2)
  5 rats
45 creatures vanquished.

Notes
Turn   | Place    | Note
-------+----------+-------------------------------------------
     0 | D:1      | qw the Gargoyle Hexslinger began the quest for the Orb.
     0 | D:1      | Reached XP level 1. HP: 12/12 MP: 2/2
     0 | D:1      | 0 ||| qw: Version: 0.3-a-46-gb1f654a
     0 | D:1      | 0 ||| qw: Game counter: 2272
     0 | D:1      | 0 ||| qw: Melee chars always use a shield: true
     0 | D:1      | 0 ||| qw: God list: Okawaru
     0 | D:1      | 0 ||| qw: Allow faded altars: false
     0 | D:1      | 0 ||| qw: Do Orc after clearing Dungeon:15 true
     0 | D:1      | 0 ||| qw: Do second Lair branch before Depths: true
     0 | D:1      | 0 ||| qw: Lair rune preference: random
     0 | D:1      | 0 ||| qw: Goals: Normal
     0 | D:1      | 0 ||| PLANNING D:1-11
   290 | D:1      | Reached XP level 2. HP: 16/16 MP: 3/3
   331 | D:1      | You fall into a shaft and drop 1 floor!
   366 | D:2      | 366 ||| UPGRADING to +0 leather armour.
   376 | D:2      | 376 ||| DROPPING +0 robe.
   377 | D:2      | 377 ||| READING scroll labelled PUAS WAMIFESO.
   378 | D:2      | 378 ||| DROPPING scroll of poison.
   456 | D:1      | Reached skill level 3 in Ranged Weapons
   901 | D:1      | Reached XP level 3. HP: 21/21 MP: 4/4
  1033 | D:1      | 1033 ||| READING 2 scrolls labelled HIHAKHL LUCVUCW.
  1036 | D:1      | 1036 ||| READING scroll labelled XYWUQO KYPT.
  1234 | D:2      | 1234 ||| FLEEEEING.
  1235 | D:2      | 1235 ||| FLEEEEING.
  1236 | D:2      | 1236 ||| FLEEEEING.
  1237 | D:2      | 1237 ||| FLEEEEING.
  1238 | D:2      | 1238 ||| STAIRDANCE
  1269 | D:1      | 1269 ||| READING scroll labelled VEKINE JYIPPIO.
  1270 | D:1      | 1270 ||| READING scroll labelled LABAFR DYUGH.
  1498 | D:2      | 1498 ||| READING scroll labelled TIUMAOM FUAPO.
  1558 | D:3      | Reached XP level 4. HP: 26/26 MP: 5/5
  1644 | D:3      | Reached skill level 4 in Ranged Weapons
  1687 | D:3      | Noticed Ijyb
  1699 | D:3      | HP: 3/26 [constriction (6)]
  1700 | D:3      | 1700 ||| READING scroll of teleportation.
  1704 | D:3      | Noticed Natasha
  1705 | D:3      | HP: 4/26 [bat (1)]
  1705 | D:3      | HP: 1/26 [Natasha (3)]
  1706 | D:3      | Slain by a bat

Levels and vault maps discovered:
D:1:      sevenhm_arrival_forest_fort_large_2, layout_basic
D:2:      layout_rooms, dreamdust_princess_bridge
D:3:      layout_basic, nicolae_ru_path_of_blood, serial_bayou_lagoon_b,
          uniq_natasha, uniq_ijyb

Skill      XL: |  1  2  3  4 |
---------------+-------------+-----
Ranged Weapons | 3 4 |  4.2
Fighting       | 2 |  2.0
Dodging        | |  1.5
Spellcasting   | |  1.0
Hexes          | |  2.6

Action                     |  1- 3 |  4- 6 || total
---------------------------+-------+-------++-------
   Fire: Sling             |   132 |    30 ||   162
    Use: Scroll            |     6 |     1 ||     7
 Armour: Robe              |     3 |       ||     3
         Leather armour    |    13 |    10 ||    23
  Dodge: Dodged            |    29 |     7 ||    36

Table legend:
 A = Non-vault XP
 B = Vault XP
 C = Vault XP percentage of total XP
 D = Non-vault monster count
 E = Vault monster count
 F = Vault count percentage of total count
                 A         B        C        D         E       F
            +---------+---------+-------+---------+---------+-------
      Total |     117 |       0 |   0.0 |      45 |       0 |   0.0
            +---------+---------+-------+---------+---------+-------
        D:1 |      35 |       0 |   0.0 |      19 |       0 |   0.0
        D:2 |      43 |       0 |   0.0 |      16 |       0 |   0.0
        D:3 |      39 |       0 |   0.0 |      10 |       0 |   0.0
            +---------+---------+-------+---------+---------+-------
